 Seeded DCSS version 0.27-a0-40-g5f2be0e231 (webtiles) character file.

Game seed: 1891899189 (custom seed)

44 Nietzsche the Cudgeller (level 3, -1/29 HPs)
             Began as a Human Monk on Jan 5, 2021.
             Slain by a goblin
             ... wielding a +0 dagger
             ... led by Robin
              (2 damage)
             ... on level 2 of the Dungeon.
             The game lasted 00:02:22 (1722 turns).

Nietzsche the Cudgeller (Human Monk)                Turns: 1722, Time: 00:02:23

Health: -1/29      AC:  3    Str: 12    XL:     3   Next: 87%
Magic:  3/3        EV: 13    Int: 10    God:
Gold:   71         SH:  0    Dex: 15    Spells: 2/2 levels left

rFire    . . .     SeeInvis .   a - +1 mace
rCold    . . .     Faith    .   (no shield)
rNeg     . . .     Spirit   .   b - +0 robe
rPois    .         Reflect  .   (no helmet)
rElec    .         Harm     .   d - +0 cloak
rCorr    .         Rampage  .   (no gloves)
Will     .....                  (no boots)
Stlth    ++........             (no amulet)
HPRegen  0.09/turn              (no ring)
MPRegen  0.08/turn              (no ring)

@: mighty
A: no striking features
a: no special abilities


You were on level 2 of the Dungeon.
You visited 1 branch of the dungeon, and saw 2 of its levels.

You collected 71 gold pieces.

Inventory:

Hand Weapons
 a - a +1 mace (weapon)
Armour
 b - a +0 robe (worn)
 d - a +0 cloak (worn)
Wands
 e - a wand of polymorph (8)
Scrolls
 f - a scroll of teleportation {unknown}
 h - a scroll of amnesia {unknown}
Potions
 g - a potion of mutation {unknown}
 i - a potion of berserk rage {unknown}
 j - a potion of lignification {unknown}
 k - a potion of attraction {unknown}


   Skills:
 + Level 3.4 Fighting
 + Level 3.6 Maces & Flails
 + Level 3.3 Dodging
 + Level 2.3 Stealth


You had 2 spell levels left.
You didn't know any spells.
Your spell library was empty.

Dungeon Overview and Level Annotations

Branches:
Dungeon (2/15)

Altars:
Dithmenos

Annotations:
D:2 Robin


Message History

It was a potion of might.
You feel very mighty all of a sudden.
The goblin shoots a stone.
The stone barely misses you.
The goblin shoots a stone.
The stone hits you.
* * * LOW HITPOINT WARNING * * *
The goblin shoots a stone.
The stone barely misses you.
You see here a stone.
The goblin shoots a stone.
The stone barely misses you.
You see here a stone.
The goblin shoots a stone.
The stone closely misses you.
The goblin shoots a stone.
The stone hits you but does no damage.
You see here 2 stones.
You see here a pair of boots.
Robin throws the goblin at you!
* * * LOW HITPOINT WARNING * * *
The goblin barely misses you. The goblin completely misses you.
The goblin hits you but does no damage. The goblin hits you with a +0 dagger.
You die...

#.###.#####.#.#....##.
#.###[....#.#.#....###
#######.............#....#
#.......#######.#.###....#
#......g#######.#.###....#
#............##.#........#
######..g....##.####.#####
#....g..##.# #.# #.....@.##.#
##.####### #...รท...##.#
#........> #.......##.#
#..####### ####
#..........###..###.... ...#
#.......###............ ...#
#.......# #.#######.#.. ...#
######+## #.# #.#..
...#############.# #.#######.#..
...'.............####.##......#..


You could see a hobgoblin and 2 goblins.

Vanquished Creatures
  4 bats
  4 giant cockroaches
  7 goblins
  4 hobgoblins
  2 jackals (D:1)
  2 frilled lizards
  12 kobolds
  5 rats
40 creatures vanquished.

Notes
Turn   | Place    | Note
-------+----------+-------------------------------------------
     0 | D:1      | Nietzsche the Human Monk began the quest for the Orb.
     0 | D:1      | Reached XP level 1. HP: 18/18 MP: 1/1
    27 | D:1      | Reached XP level 2. HP: 11/24 MP: 2/2
   553 | D:1      | Reached XP level 3. HP: 29/29 MP: 3/3
  1289 | D:2      | Found a shadowy altar of Dithmenos.
  1681 | D:2      | Identified the -3 helmet of the Trees {rElec rC+++ Str-5
                  | Slay+5}
  1681 | D:2      | Noticed Robin
  1714 | D:2      | HP: 1/29 [Robin/goblin (2)]
  1722 | D:2      | Slain by a goblin

Illustrated notes

Levels and vault maps discovered:
D:1:      erik_arrival_blinker_ship, layout_loops_ring,
          chequers_serial_rivers_room_a, hex_tiny
D:2:      layout_basic, lemuel_crystal_altar, serial_park_tiny_pond, uniq_robin

Action                   || total
-------------------------++-------
Melee: Mace              ||    90
  Use: Scroll            ||     1
       Potion            ||     1
 Stab: Sleeping          ||     8
Armor: Robe              ||    15
Dodge: Dodged            ||    65

Table legend: (Time is in decaauts)
 A = Elapsed time spent in this place.
 B = Non-inter-level travel time spent in this place.
 C = Inter-level travel time spent in this place.
 D = Time resting spent in this place.
 E = Time spent auto-exploring this place.
 F = Levels seen in this place.
 G = Mean time per level.
                   A        B        C        D        E       F      G
               +--------+--------+--------+--------+--------+-----+--------+
         Total |   1743 |   1743 |      0 |      0 |   1421 |   2 |  871.5 |
       Dungeon |   1743 |   1743 |      0 |      0 |   1421 |   2 |  871.5 |
               +--------+--------+--------+--------+--------+-----+--------+

Top non-repeatable levels by time:
     D:1: 973 daAuts
     D:2: 769 daAuts
